 Dungeon Crawl Stone Soup version 0.25-a0-294-gea9b1ad378 (webtiles) character file.

Game seed: 564734751767158467, levelgen mode: deterministic

466 MoonlitKnight the Charmwright (level 7, 0/56 HPs)
             Began as a Gnoll Skald on Dec 18, 2019.
             Killed by divine providence
             ... invoked by an orc priest
              (8 damage)
             ... on level 5 of the Dungeon.
             The game lasted 00:07:47 (3987 turns).

MoonlitKnight the Charmwright (Gnoll Skald)         Turns: 3987, Time: 00:07:48

Health: 0/56       AC:  4    Str: 14    XL:     7   Next: 8%
Magic:  3/15       EV: 14    Int: 15    God:
Gold:   212        SH:  4    Dex: 16    Spells: 6/17 levels left

rFire    . . .     SeeInvis .   e - +2 dagger (elec)
rCold    . . .     Gourm    .   f - +0 buckler
rNeg     + . .     Faith    .   b - +0 leather armour
rPois    .         Spirit   .   t - +0 helmet
rElec    .         Reflect  .   (no cloak)
rCorr    .         Harm     .   (no gloves)
MR       .....                  (no boots)
Stlth    ++........             (no amulet)
HPRegen  1.18/turn              j - ring of positive energy
MPRegen  0.14/turn              (no ring)

@: shrouded, marked, regenerating
A: distributed training, fangs 1, strong nose
a: no special abilities


You were on level 5 of the Dungeon.
You were not hungry.

You visited 2 branches of the dungeon, and saw 6 of its levels.

You collected 212 gold pieces.

Inventory:

Hand Weapons
 a - a +0 spear
 e - a +2 dagger of electrocution (weapon)
 n - a +0 hunting sling
Missiles
 p - 20 sling bullets
Armour
 b - a +0 leather armour (worn)
 f - a +0 buckler (worn)
 t - a +0 helmet (worn)
Jewellery
 j - a ring of positive energy (left hand)
Scrolls
 c - a scroll of enchant weapon {unknown}
 g - a scroll of magic mapping
 k - 3 scrolls of identify
 m - a scroll of fog {unknown}
 q - 2 scrolls of enchant armour {unknown}
 s - a scroll of teleportation {unknown}
Potions
 h - a potion of mutation
 i - a potion of agility
 l - a potion of brilliance
 o - a potion of lignification
Comestibles
 d - 15 rations
 r - 4 chunks of flesh


   Skills:
 + Level 5.1 Fighting
 + Level 2.2 Short Blades
 + Level 2.2 Long Blades
 + Level 2.2 Axes
 + Level 2.2 Maces & Flails
 + Level 5.1 Polearms
 + Level 2.2 Staves
 + Level 2.2 Slings
 + Level 2.2 Bows
 + Level 2.2 Crossbows
 + Level 2.2 Throwing
 + Level 3.4 Armour
 + Level 5.1 Dodging
 + Level 2.2 Stealth
 + Level 2.2 Shields
 + Level 2.2 Unarmed Combat
 + Level 5.5 Spellcasting
 + Level 1.8 Conjurations
 + Level 1.8 Hexes
 + Level 5.7 Charms
 + Level 1.8 Summonings
 + Level 1.8 Necromancy
 + Level 1.8 Translocations
 + Level 1.8 Transmutations
 + Level 1.8 Fire Magic
 + Level 1.8 Ice Magic
 + Level 1.8 Air Magic
 + Level 1.8 Earth Magic
 + Level 1.8 Poison Magic
 + Level 2.4 Invocations
 + Level 2.2 Evocations


You had 6 spell levels left.
You knew the following spells:

 Your Spells              Type           Power        Failure   Level  Hunger
a - Infusion              Chrm           ###.         2%          1    None
b - Shroud of Golubria    Chrm/Tloc      ###...       8%          2    #......
c - Spectral Weapon       Hex/Chrm       ###.....     16%         3    ###....
d - Regeneration          Chrm/Necr      ###.......   16%         3    ###....
e - Song of Slaying       Chrm           ###.....     3%          2    #......

Your spell library contained the following spells:

 Spells                   Type           Power        Failure   Level  Hunger
 Corona                   Hex            #......      12%         1    None
 Ensorcelled Hibernation  Hex/Ice        #.....       17%         2    #......
 Confuse                  Hex            #.......     34%         3    ###....
 Dazzling Flash           Conj/Hex       #.....       34%         3    ###....
 Tukima's Dance           Hex            #.......     34%         3    ###....


Dungeon Overview and Level Annotations

Branches:
Dungeon (5/15)             Temple (1/1) D:4

Altars:
Fedhas
Gozag
Hepliaklqana
Kikubaaqudgha
Makhleb
Nemelex Xobeh
Ru
Sif Muna
Trog
Uskayaw
Vehumet
Wu Jian
Xom
Yredelemnul
Zin
The Shining One


Innate Abilities, Weirdness & Mutations

Your experience applies equally to all skills.
You have very sharp teeth.
Your uncanny sense of smell can sniff out nearby items.


Message History

An ogre comes into view. It is wielding a +0 giant spiked club.
The orc priest hits you from afar with a +2 antimagic trident!
* * * LOW HITPOINT WARNING * * *
You feel your power leaking away.
Casting: Spectral Weapon (safe; 16% risk of failure)
Confirm with . or Enter, or press ? or * to list all spells.
Your skin crawls.
The worker ant barely misses you.
The orc priest hits you but does no damage.
An orc comes into view. It is wielding a +0 club.
The iguana closely misses you. You block the orc's attack.
The orc priest calls upon Beogh to heal the orc priest.
The orc priest's wounds heal themselves!
The worker ant bites you.
* * * LOW HITPOINT WARNING * * *
Casting: Regeneration (safe; 16% risk of failure)
Confirm with . or Enter, or press ? or * to list all spells.
Space distorts slightly along a thin shroud covering your body.
The orc priest invokes the aid of Beogh against you.
Beogh smites you!
You die...

#... .....# #.......#
#...##....####......##
##(...(.....#.O.......#..
#...............÷÷.......
#....o.(.......)...#.###.
#...!...o......#.<.#
#.........o....##...#
#...........ol.#####..#
.......##..oa@.#..# ..#
....../.###.o.....# .##
..###.......o.#......# ∆
. .....(....##....#
....#.....## ..###
#......#.... ###
#.###....# ## ######


You could see an ogre, an iguana, a worker ant, 3 orc priests and 4 orcs.

Vanquished Creatures
  2 crimson imps
  A jelly (D:2)
  An orc priest (D:2)
  5 orc wizards
  A hound zombie (D:3)
  3 adders
  A shadow imp (D:2)
  An ooze (D:1)
  An adder skeleton (D:3)
  4 worms (D:2)
  3 dart slugs
  5 leopard geckos
  15 orcs
  2 giant cockroaches (D:3)
  11 goblins
  10 hobgoblins
  9 jackals
  7 kobolds
  A quokka (D:4)
  A ball python (D:3)
  12 bats
  8 frilled lizards
  9 rats
113 creatures vanquished.

Notes
Turn   | Place    | Note
-------+----------+-------------------------------------------
     0 | D:1      | MoonlitKnight the Gnoll Skald began the quest for the Orb.
     0 | D:1      | Reached XP level 1. HP: 20/20 MP: 6/6
   153 | D:1      | Reached XP level 2. HP: 26/26 MP: 7/7
   520 | D:1      | Reached XP level 3. HP: 19/31 MP: 9/9
   524 | D:1      | Learned a level 2 spell: Shroud of Golubria
   528 | D:1      | Learned a level 3 spell: Spectral Weapon
   532 | D:1      | Learned a level 3 spell: Regeneration
   535 | D:1      | Learned a level 2 spell: Song of Slaying
   695 | D:1      | Reached skill level 5 in Spellcasting
  1114 | D:2      | Reached skill level 1 in Invocations
  1123 | D:2      | Reached skill level 1 in Short Blades
  1123 | D:2      | Reached skill level 1 in Long Blades
  1123 | D:2      | Reached skill level 1 in Axes
  1123 | D:2      | Reached skill level 1 in Maces & Flails
  1123 | D:2      | Reached skill level 1 in Staves
  1123 | D:2      | Reached skill level 1 in Slings
  1123 | D:2      | Reached skill level 1 in Bows
  1123 | D:2      | Reached skill level 1 in Crossbows
  1123 | D:2      | Reached skill level 1 in Throwing
  1123 | D:2      | Reached skill level 1 in Stealth
  1123 | D:2      | Reached skill level 1 in Shields
  1123 | D:2      | Reached skill level 1 in Unarmed Combat
  1123 | D:2      | Reached skill level 1 in Evocations
  1133 | D:2      | Reached XP level 4. HP: 36/38 MP: 11/11
  1147 | D:2      | Reached skill level 1 in Conjurations
  1147 | D:2      | Reached skill level 1 in Hexes
  1147 | D:2      | Reached skill level 1 in Summonings
  1147 | D:2      | Reached skill level 1 in Necromancy
  1147 | D:2      | Reached skill level 1 in Translocations
  1147 | D:2      | Reached skill level 1 in Transmutations
  1147 | D:2      | Reached skill level 1 in Fire Magic
  1147 | D:2      | Reached skill level 1 in Ice Magic
  1147 | D:2      | Reached skill level 1 in Air Magic
  1147 | D:2      | Reached skill level 1 in Earth Magic
  1147 | D:2      | Reached skill level 1 in Poison Magic
  1150 | D:2      | Reached XP level 5. HP: 18/43 MP: 9/12
  2214 | D:3      | Reached XP level 6. HP: 40/50 MP: 13/13
  2301 | D:3      | Reached skill level 5 in Fighting
  2301 | D:3      | Reached skill level 5 in Polearms
  2301 | D:3      | Reached skill level 5 in Dodging
  3569 | D:4      | Found a staircase to the Ecumenical Temple.
  3575 | Temple   | Entered the Ecumenical Temple
  3755 | D:4      | Found a glowing silver altar of Zin.
  3760 | D:4      | Found a hazy altar of Hepliaklqana.
  3809 | D:4      | Found a shimmering blue altar of Sif Muna.
  3934 | D:5      | Entered Level 5 of the Dungeon
  3970 | D:5      | Reached XP level 7. HP: 52/56 MP: 15/15
  3987 | D:5      | Killed from afar by an orc priest

Levels and vault maps discovered:
D:1:      mrwooster_arrival_statue_2, layout_basic
D:2:      layout_loops_cross, first_ration, chequers_jeans
D:3:      layout_basic
D:4:      layout_rooms, minitemple, temple_green, led_sif_book
D:5:      layout_cave_pools
Temple:   zaba_magenta_temple

Skill      XL: |  1  2  3  4  5  6 |
---------------+-------------------+-----
Spellcasting   | 5 |  5.5
Invocations    | 1 2 |  2.4
Short Blades   | 1 2 |  2.2
Long Blades    | 1 2 |  2.2
Axes           | 1 2 |  2.2
Maces & Flails | 1 2 |  2.2
Staves         | 1 2 |  2.2
Slings         | 1 2 |  2.2
Bows           | 1 2 |  2.2
Crossbows      | 1 2 |  2.2
Throwing       | 1 2 |  2.2
Stealth        | 1 2 |  2.2
Shields        | 1 2 |  2.2
Unarmed Combat | 1 2 |  2.2
Evocations     | 1 2 |  2.2
Conjurations   | 1 |  1.8
Hexes          | 1 |  1.8
Summonings     | 1 |  1.8
Necromancy     | 1 |  1.8
Translocations | 1 |  1.8
Transmutations | 1 |  1.8
Fire Magic     | 1 |  1.8
Ice Magic      | 1 |  1.8
Air Magic      | 1 |  1.8
Earth Magic    | 1 |  1.8
Poison Magic   | 1 |  1.8
Armour         | 3 |  3.4
Fighting       | 5 |  5.1
Polearms       | 5 |  5.1
Dodging        | 5 |  5.1
Charms         | |  5.7

Action                   |  1- 3 |  4- 6 |  7- 9 || total
-------------------------+-------+-------+-------++-------
Melee: Spear             |    13 |       |       ||    13
       Dagger            |    71 |   214 |     8 ||   293
       Bite              |     6 |    21 |     3 ||    30
 Cast: Spectral Weapon   |       |     4 |       ||     4
       Regeneration      |       |     1 |     1 ||     2
       Shroud of Golubri |       |     1 |     1 ||     2
  Use: Scroll            |       |     5 |       ||     5
 Stab: Sleeping          |     2 |     5 |       ||     7
       Distracted        |       |     1 |       ||     1
  Eat: Chunk             |     1 |     9 |       ||    10
Armor: Leather armour    |    24 |    31 |     4 ||    59
Dodge: Dodged            |    40 |    98 |    14 ||   152
Block: Buckler           |    16 |    28 |     1 ||    45

Table legend:
 A = Non-vault XP
 B = Vault XP
 C = Vault XP percentage of total XP
 D = Non-vault monster count
 E = Vault monster count
 F = Vault count percentage of total count
                 A         B        C        D         E       F
            +---------+---------+-------+---------+---------+-------
      Total |     627 |      40 |   6.0 |     112 |       1 |   0.9
            +---------+---------+-------+---------+---------+-------
        D:1 |      53 |       0 |   0.0 |      31 |       0 |   0.0
        D:2 |     237 |       0 |   0.0 |      26 |       0 |   0.0
        D:3 |     210 |       0 |   0.0 |      32 |       0 |   0.0
        D:4 |      57 |      40 |  41.2 |      18 |       1 |   5.3
        D:5 |      70 |       0 |   0.0 |       5 |       0 |   0.0
            +---------+---------+-------+---------+---------+-------
